 Dungeon Crawl Stone Soup version 0.28-a0-514-g0d7ab7f379 (webtiles) character file.

Game seed: 17067234287540672609

97 varam the Digger (level 4, -6/30 HPs)
             Began as a Vampire Earth Elementalist on Sept 22, 2021.
             Killed from afar by a white imp (13 damage)
             ... with a puff of frost
             ... on level 3 of the Dungeon.
             The game lasted 00:06:02 (1774 turns).

varam the Digger (Vampire Earth Elementalist)       Turns: 1774, Time: 00:06:02

Health: -6/30      AC:  2    Str:  7    XL:     4   Next: 42%
Magic:  0/8        EV: 12    Int: 18    God:
Gold:   41         SH:  0    Dex: 14    Spells: 8/9 levels left

rFire   . . .      SeeInvis +   a - +0 mace
rCold   . . .      Faith    .   (no shield)
rNeg    . . .      Spirit   .   b - +0 robe
rPois   .          Reflect  .   (no helmet)
rElec   .          Harm     .   (no cloak)
rCorr   .          Rampage  .   (no gloves)
Will    .....                   (no boots)
Stlth   ++........              (no amulet)
HPRegen 0.30/turn               (no ring)
MPRegen 0.11/turn               (no ring)

@: healing quickly
A: alive, fangs 3, see invisible, vampiric 2
a: Exsanguinate


You were on level 3 of the Dungeon.
You visited 1 branch of the dungeon, and saw 4 of its levels.

You collected 41 gold pieces.

Inventory:

Hand Weapons
 a - a +0 mace (weapon)
   (You found it on level 1 of the Dungeon)
Missiles
 c - 41 stones
 i - 4 javelins
Armour
 b - a +0 robe (worn)
Magical Staves
 e - a staff of conjuration
   (You found it on level 1 of the Dungeon)
Scrolls
 g - a scroll of teleportation {unknown}
 j - a scroll of magic mapping {unknown}
 k - a scroll of identify {unknown}
 m - a scroll of amnesia {unknown}
Potions
 d - a potion of might {unknown}
 f - a potion of attraction {unknown}
 h - a potion of flight {unknown}
 l - a potion of lignification {unknown}


   Skills:
 - Level 2.1 Dodging
 - Level 3.0 Stealth
 + Level 3.2 Spellcasting
 + Level 0.7 Conjurations
 - Level 1.1 Transmutations
 + Level 4.1 Earth Magic


You had 8 spell levels left.
You knew the following spells:

 Your Spells              Type           Power      Damage    Failure   Level
a - Sandblast             Erth           34%        2d9       3%          1

Your spell library contained the following spells:

 Spells                   Type           Power      Damage    Failure   Level
 Passwall                 Tmut/Erth      10%        N/A       9%          2
 Stone Arrow              Conj/Erth      22%        3d8       17%         3
 Petrify                  Tmut/Erth      12%        N/A       47%         4


Dungeon Overview and Level Annotations

Branches:
Dungeon (4/15)
 Temple: D:4-7

Altars:

Shops:
D:1 (   D:2 [

Annotations:
D:2 Sigmund
D:3 Grinder
D:4 Purgy


Innate Abilities, Weirdness & Mutations

Your natural rate of healing is accelerated.
You have razor-sharp teeth.
You have supernaturally acute eyesight. (SInv)
You are afflicted with vampirism and can become a bat while bloodless.


Message History

Confirm with . or Enter, or press ? or * to list all spells.
Aiming: Sandblast (safe; 3% risk of failure)
Press: ? - help, Shift-Dir - straight line, f - orc wizard
Aim: an orc wizard, wielding a +0 dagger and wearing a +0 robe (slightly transparent, 74% to hit)
The blast of sand hits the orc wizard!
The orc wizard is heavily wounded.
A nearby plant withers and dies.
Casting: Sandblast (safe; 3% risk of failure)
Confirm with . or Enter, or press ? or * to list all spells.
Aiming: Sandblast (safe; 3% risk of failure)
Press: ? - help, Shift-Dir - straight line, f/p - orc wizard
Aim: an orc wizard, wielding a +0 dagger and wearing a +0 robe (heavily wounded, slightly transparent, 74% to hit)
The blast of sand hits the orc wizard!
The orc wizard is almost dead.
A nearby fungus withers and dies.
The orc wizard hits you with a +0 dagger.
* * * LOW HITPOINT WARNING * * *
The white imp gestures at you.
The puff of frost hits the orc wizard.
The orc wizard dies!
Your magical contamination has completely faded away.
Casting: Sandblast (safe; 3% risk of failure)
Confirm with . or Enter, or press ? or * to list all spells.
Aiming: Sandblast (safe; 3% risk of failure)
Press: ? - help, Shift-Dir - straight line, f - white imp
Aim: a white imp (79% to hit)
The blast of sand hits the white imp!
The white imp is severely wounded.
Unknown command.
Casting: Sandblast (safe; 3% risk of failure)
Confirm with . or Enter, or press ? or * to list all spells.
You don't have enough magic to cast this spell.
You hit the white imp but do no damage.
The white imp is severely wounded.
The white imp closely misses you.
You hit the white imp.
The white imp is almost dead.
The white imp gestures at you. The puff of frost hits you!
You die...

..............
..............
.............
.o......>...
#...S5...
####......
##@###...#
#P5.##..>#
#8P...#..8.###
#.#.PP##=..#
#### ##8## ###


You could see a white imp.

Vanquished Creatures
  A gnoll (D:1)
  2 adders
  A worm (D:2)
  2 dart slugs (D:2)
  An endoplasm (D:1)
  A giant cockroach (D:1)
  6 goblins (D:1)
  3 hobgoblins
  3 jackals
  A quokka (D:1)
  6 ball pythons
  3 bats
  7 frilled lizards
  A kobold (D:1)
  2 rats (D:1)
40 creatures vanquished.

Vanquished Creatures (others)
  An orc wizard (D:3)
  A fungus (D:3)
  A plant (D:3)
3 creatures vanquished.

Grand Total: 43 creatures vanquished

Notes
Turn   | Place    | Note
-------+----------+-------------------------------------------
     0 | D:1      | varam the Vampire Earth Elementalist began the quest for
                  | the Orb.
     0 | D:1      | Reached XP level 1. HP: 13/13 MP: 3/3
    40 | D:1      | Found Xeotuare's Antique Weapon Boutique.
   214 | D:1      | Reached XP level 2. HP: 19/19 MP: 1/5
   749 | D:1      | Gained mutation: You are afflicted with vampirism and can
                  | become a bat while bloodless. [Vampire growth]
   749 | D:1      | Reached XP level 3. HP: 24/24 MP: 4/7
  1639 | D:2      | Found Kaituschu's Armour Emporium.
  1700 | D:2      | Noticed Sigmund
  1735 | D:3      | Noticed Grinder
  1737 | D:4      | Noticed Purgy
  1767 | D:3      | Reached skill level 4 in Earth Magic
  1767 | D:3      | Reached XP level 4. HP: 9/30 MP: 3/8
  1774 | D:3      | Killed from afar by a white imp

Illustrated notes

Levels and vault maps discovered:
D:1:      co_arrival_random_square_maze, layout_basic, serial_shops, shop
D:2:      layout_basic, serial_shops, shop, nicolae_diamond_shop, uniq_sigmund
D:3:      layout_rooms, shapermc_ecumenical_altar_petra, uniq_grinder,
          uniq_robin, uniq_natasha
D:4:      layout_cave_pools, serial_forest, infiniplex_forest_corner_2,
          infiniplex_forest_clump_small, infiniplex_forest_lined_3,
          infiniplex_forest_clump_large, feat_on_display, uniq_menkaure,
          uniq_duvessa, uniq_purgy

Skill      XL: |  1  2  3 |
---------------+----------+-----
Spellcasting   | 3 |  3.2
Earth Magic    | 4 |  4.1
Dodging        | |  2.1
Stealth        | |  3.0
Conjurations   | |  0.7
Transmutations | |  1.1

Action                   |  1- 3 |  4- 6 || total
-------------------------+-------+-------++-------
Melee: Mace              |    54 |     3 ||    57
       Bite              |     5 |       ||     5
 Cast: Sandblast         |    34 |     4 ||    38
 Stab: Sleeping          |     3 |       ||     3
Armor: Robe              |    14 |       ||    14
Dodge: Dodged            |    58 |     3 ||    61

Table legend: (Time is in decaauts)
 A = Elapsed time spent in this place.
 B = Non-inter-level travel time spent in this place.
 C = Inter-level travel time spent in this place.
 D = Time resting spent in this place.
 E = Time spent auto-exploring this place.
 F = Levels seen in this place.
 G = Mean time per level.
                   A        B        C        D        E       F      G
               +--------+--------+--------+--------+--------+-----+--------+
         Total |   1796 |   1735 |     61 |     55 |   1258 |   4 |  449.0 |
       Dungeon |   1796 |   1735 |     61 |     55 |   1258 |   4 |  449.0 |
               +--------+--------+--------+--------+--------+-----+--------+

Top non-repeatable levels by time:
     D:1: 1146 daAuts
     D:2: 591 daAuts
     D:3: 42 daAuts
     D:4: 16 daAuts
